 Dungeon Crawl Stone Soup version 0.29.1-15-g9cfb28693d (webtiles) character file.

Game seed: 17678465953044323888

51 Malicious the Trooper (level 3, -2/33 HPs)
             Began as a Ghoul Fighter on Mar 27, 2023.
             Was an Initiate of Wu Jian.
             Slain by an iguana (7 damage)
             ... on level 4 of the Dungeon.
             The game lasted 00:04:25 (2080 turns).

Malicious the Trooper (Ghoul Fighter)               Turns: 2080, Time: 00:04:25

Health: -2/33      AC:  9    Str: 21    XL:     3   Next: 81%
Magic:  2/2        EV:  6    Int:  3    God:    Wu Jian [......]
Gold:   37         SH:  4    Dex:  8    Spells: 2/2 levels left

rFire   . . .      SeeInvis .     - Unarmed
rCold   + . .      Faith    .   b - +0 buckler
rNeg    + + +      Spirit   .   a - +0 scale mail
rPois   ∞          Reflect  .   (no helmet)
rElec   .          Harm     .   (no cloak)
rCorr   .          Rampage  .   (no gloves)
Will    .....                   l - +2 pair of boots
Stlth   ..........              (no amulet)
HPRegen 0.00/turn               (no ring)
MPRegen 0.08/turn               (no ring)

@: inhibited regen, constricted
A: claws 1, cold resistance 1, negative energy resistance 3, inhibited
regeneration, torment resistance 2, devour on kill
a: Renounce Religion


You were on level 4 of the Dungeon.
You worshipped Wu Jian.
Wu Jian was noncommittal.
You visited 2 branches of the dungeon, and saw 4 of its levels.

You collected 37 gold pieces.

Inventory:

Armour
 a - a +0 scale mail (worn)
 b - a +0 buckler (worn)
 l - a +2 pair of boots (worn)
Scrolls
 d - a scroll of amnesia {unknown}
 e - a scroll of teleportation {unknown}
 f - a scroll of brand weapon {unknown}
 h - a scroll of magic mapping {unknown}
 j - 3 scrolls of identify {unknown}
Potions
 c - a potion of might
 g - 2 potions of brilliance {unknown}
 i - a potion of cancellation {unknown}
 k - a potion of attraction {unknown}


   Skills:
 * Level 3.7 Fighting
 * Level 3.1 Armour
 * Level 3.0 Shields
 * Level 3.1 Unarmed Combat


You had 2 spell levels left.
You didn't know any spells.
Your spell library contained the following spells:

 Spells                   Type           Power      Damage    Failure   Level
 Necrotise                Necr           0%         1d4       91%         1
 Summon Small Mammal      Summ           0%         N/A       91%         1
 Call Canine Familiar     Summ           0%         N/A       100%        3
 Summon Guardian Golem    Hex/Summ       0%         N/A       100%        3
 Vampiric Draining        Necr           0%         2d6       100%        3
 Agony                    Necr           0%         N/A       100%        5


Dungeon Overview and Level Annotations

Branches:
Dungeon (4/15)             Temple (1/1) D:4

Altars:
Ashenzari
Cheibriados
Dithmenos
Fedhas
Gozag
Hepliaklqana
Kikubaaqudgha
Makhleb
Okawaru
Qazlal
Ru
Sif Muna
Trog
Uskayaw
Vehumet
Wu Jian
Yredelemnul


Innate Abilities, Weirdness & Mutations

You are immune to poison.
You have sharp fingernails.
Your flesh is cold resistant. (rC+)
You are immune to negative energy. (rN+++)
You do not regenerate when monsters are visible.
You are immune to unholy pain and torment.
You thrive by killing the living.


Message History

There is an open door here.
There is an open door here.
You open the door.
There is an open door here.
You open the door.
An iguana comes into view.
There is an open door here.
A ball python comes into view.
You lunge at the iguana.
You closely miss the iguana.
The ball python hisses angrily.
The iguana bites you!
You barely miss the iguana. The iguana barely misses you.
You closely miss the iguana. The iguana bites you!
You barely miss the iguana. The iguana bites you.
You scratch the iguana.
The iguana is lightly wounded.
The iguana barely misses you.
You scratch the iguana.
The iguana is heavily wounded.
The ball python bites you but does no damage.
The ball python barely misses you.
The iguana bites you but does no damage.
You scratch the iguana.
The iguana is heavily wounded.
The ball python bites you but does no damage.
The ball python completely misses you.
The ball python bites you but does no damage.
You block the ball python's attack. The iguana barely misses you.
You barely miss the iguana.
The iguana is heavily wounded.
The ball python bites you but does no damage.
The ball python grabs you. The ball python constricts you.
The iguana bites you!
* * * LOW HITPOINT WARNING * * *
You closely miss the iguana.
The iguana is heavily wounded.
The ball python barely misses you. The ball python constricts you.
* * * LOW HITPOINT WARNING * * *
The iguana bites you!
You die...

.##............#....'.......'....
.##...###.###..#....##...#..#....
.##'#####.###..#....#..##########
.##............#....#...#
###............#....#...#
#.............#....#...#
#.............'....#...#
##....#.###.###....##..#
##########.#..@.#######
#...#.Sl.# #...#....# #####....#
...... ........ .........
..........#


You could see an iguana and a ball python.

Vanquished Creatures
  2 adders
  A worm (D:4)
  A dart slug (D:1)
  An endoplasm (D:4)
  3 giant cockroaches
  3 hobgoblins
  A quokka (D:1)
  6 ball pythons
  A frilled lizard (D:1)
  A goblin (D:2)
  5 kobolds
  3 rats (D:1)
28 creatures vanquished.

Notes
Turn   | Place    | Note
-------+----------+-------------------------------------------
     0 | D:1      | Malicious the Ghoul Fighter began the quest for the Orb.
     0 | D:1      | Reached XP level 1. HP: 19/19 MP: 0/0
   134 | D:1      | Found a faded altar of an unknown god.
   364 | D:1      | Reached XP level 2. HP: 26/26 MP: 1/1
   854 | D:2      | Reached XP level 3. HP: 33/33 MP: 2/2
   858 | D:2      | You fall into a shaft and drop 2 floors!
  1196 | D:4      | Found a staircase to the Ecumenical Temple.
  1234 | Temple   | Entered the Ecumenical Temple
  1713 | Temple   | Became a worshipper of the Wu Jian Council
  2080 | D:4      | Slain by an iguana

Illustrated notes

Levels and vault maps discovered:
D:1:      evilmike_arrival_crescent, layout_basic, basic_ecumenical_altar
D:2:      layout_loops_ring
D:4:      layout_gridville, minmay_temple_entry_tees, minmay_misc_feat_alley
Temple:   dpeg_five_rooms_temple

Skill      XL: |  1  2  3 |
---------------+----------+-----
Armour         | 3 |  3.1
Shields        | 3 |  3.0
Unarmed Combat | 3 |  3.1
Fighting       | |  3.7

Action                   || total
-------------------------++-------
Melee: Unarmed           ||   108
Invok: Lunge             ||     2
Armor: Scale mail        ||    45
Dodge: Dodged            ||    38
Block: Buckler           ||     9
